[Event "Late-Titled-Tuesday-Blitz-May-28-2024"]
[Site "Chess.com"]
[Date "2024.05.28"]
[Round "10"]
[White "K_A_S_T_O_R"]
[Black "Charodej1"]
[Result "1-0"]
[WhiteElo "2859"]
[BlackElo "2507"]
[TimeControl "180+1"]
[EndTime "15:54:38 PDT"]
[Termination "K_A_S_T_O_R won by checkmate"]

1. e4 c6 2. d4 d5 3. exd5 cxd5 4. c4 Nf6 5. Nc3 Nc6 6. Bg5 dxc4 7. d5 Ne5 8. Bxc4 Nxc4 9. Qa4+ Bd7 10. Qxc4 h6 11. Bf4 Rc8 12. Qb3 Qb6 13. Qxb6 axb6 14. Nf3 g5 15.
Be5 Bg7 16. O-O O-O 17. Rfe1 Rfe8 18. h3 b5 19. a3 Rc4 20. Rad1 b4 21. Nd2 Rh4 22.
axb4 Rxb4 23. b3 Rc8 24. Rc1 Bf5 25. Na2 Rb6 26. Rxc8+ Bxc8 27. Nc4 Ra6 28. Nb4 b5 29. Nxa6 bxc4 30. Bxf6 Bxf6 31. Nc5 cxb3 32. Nxb3 Bb7 33. Rd1 Be5 34. Nc5 Bc8 35. g4 h5 36. f3 hxg4 37.
hxg4 f5 38. gxf5 Bxf5 39. Kg2 g4 40. f4 Bd6 41. Ne6 Bxe6 42. dxe6 Bxf4 43. Rd4 Bd6 44. Rxg4+ Kf8 45. Kf3 Be5 46. Ke4 Bf6 47. Kf4 Ke8 48. Rg8# 1-0

[Event "Late-Titled-Tuesday-Blitz-May-28-2024"]
[Site "Chess.com"]
[Date "2024.05.28"]
[Round "10"]
[White "howitzer14"]
[Black "ChessLebaneseSalah"]
[Result "1-0"]
[WhiteElo "3021"]
[BlackElo "2566"]
[TimeControl "180+1"]
[EndTime "15:54:41 PDT"]
[Termination "howitzer14 won by checkmate"]

1. e4 e5 2. Bc4 Nc6 3. Nc3 Bc5 4.
d3 d6 5. f4 Nf6 6. Nf3 exf4 7.
Bxf4 O-O 8. Qd2 Re8 9. O-O-O Nd4 10. Ng5 Be6 11. Nxe6 Nxe6 12. Rhf1 Nxf4 13. Rxf4 c6 14. Rdf1 b5 15. Bb3 Qb6 16. R1f3 d5 17. Rxf6 gxf6 18. Qh6 Re5 19. Qxf6 Be3+ 20. Kb1 Rg5 21. a3 b4 22. axb4 Rxg2 23. Qxf7+ Kh8 24. Qf6+ Kg8 25. exd5 Rg1+ 26. Ka2 h5 27. dxc6+ Kh7 28. Qf7+ Kh6 29. Rf6+ Kg5 30.
Rf5+ Kh4 31. Qxh5# 1-0

[Event "Late-Titled-Tuesday-Blitz-May-28-2024"]
[Site "Chess.com"]
[Date "2024.05.28"]
[Round "10"]
[White "ploxoi"]
[Black "el008"]
[Result "0-1"]
[WhiteElo "2415"]
[BlackElo "2550"]
[TimeControl "180+1"]
[EndTime "15:54:43 PDT"]
[Termination "el008 won on time"]

1. d4 Nf6 2. c4 c5 3. d5 e6 4. g3 exd5 5. cxd5 d6 6. Bg2 g6 7. Nc3 Bg7 8. Nf3 O-O 9. O-O Re8 10. Bf4 Ne4 11. Nxe4 Rxe4 12. Nd2 Re8 13. Rb1 b5 14. e4 c4 15. Qc2 Qe7 16. a3 Nd7 17.
Rfe1 Rb8 18. b3 c3 19. Nf3 b4 20. axb4 Rxb4 21. Rbd1 Rxe4 22. Rxe4 Qxe4 23. Qxe4 Rxe4 24. Bxd6 Re2 25. Ba3 c2 26. Re1 Rxe1+ 27. Nxe1 Nc5 28. Nxc2 Nxb3 29. Bf1 Bd7 30. Nb4 Nd2 31. Be2 Nb1 32.
Bc1 Nc3 33. Bf3 a5 34. Nc6 a4 35. Nb8 Bb5 36. d6 Kf8 37. Ba3 Ke8 38. Bb4 Be5 39. Kg2 f5 40. Nc6 Bf6 41. Na7 Bd7 42. Nc6 Ne4 43.
Bxe4 fxe4 44. Na5 Bb5 45. Nb7 Bb2 46. Nc5 a3 47. d7+ Bxd7 48. Nxe4 a2 49. Nd6+ Kd8 50.
Nb7+ Kc7 0-1

[Event "Late-Titled-Tuesday-Blitz-May-28-2024"]
[Site "Chess.com"]
[Date "2024.05.28"]
[Round "10"]
[White "RichardShtivelband"]
[Black "Iuckyducky"]
[Result "1-0"]
[WhiteElo "2385"]
[BlackElo "2248"]
[TimeControl "180+1"]
[EndTime "15:54:44 PDT"]
[Termination "RichardShtivelband won on time"]

1. e4 c6 2. d4 d5 3. e5 Bf5 4. Nf3 e6 5. Be2 c5 6. c3 Nc6 7. O-O Nge7 8. dxc5 Ng6 9. Qa4 Bxc5 10. Nbd2 O-O 11.
g4 Be4 12. Nxe4 dxe4 13. Qxe4 Qd5 14. Qxd5 exd5 15. Rd1 Rad8 16. Bg5 Rd7 17. Rd2 h6 18. Bh4 Nxh4 19. Nxh4 Nxe5 20. Rad1 Rfd8 21. Nf5 Kh7 22. Kg2 Ng6 23. Bf3 Bb6 24. Kf1 Ne5 25. Be2 g6 26.
Nd4 Kg7 27. f4 Nc4 28. Bxc4 dxc4 29. Ne6+ Kf6 30. Nxd8 1-0

[Event "Late-Titled-Tuesday-Blitz-May-28-2024"]
[Site "Chess.com"]
[Date "2024.05.28"]
[Round "10"]
[White "djano"]
[Black "Eloist"]
[Result "1-0"]
[WhiteElo "2609"]
[BlackElo "2447"]
[TimeControl "180+1"]
[EndTime "15:54:45 PDT"]
[Termination "djano won on time"]

1. Nf3 Nf6 2. c4 b6 3. Nc3 Bb7 4. g3 e6 5. Bg2 Be7 6. O-O O-O 7. d4 Ne4 8. Qd3 Nxc3 9. bxc3 Nc6 10. e4 d6 11. Nd2 e5 12. f4 Bf6 13. fxe5 dxe5 14. d5 Nb8 15. c5 Na6 16. c6 Nc5 17. Qc2 Ba6 18. c4 Bg5 19. Nb3 Bxc1 20. Raxc1 Qe7 21. Nd2 Bc8 22. Rf2 Bg4 23. Nf1 Rad8 24. Ne3 Qg5 25. Qc3 Bc8 26. Rcf1 f6 27. Kh1 Rf7 28. Bf3 h5 29.
Rg1 Qg6 30. Qc2 f5 31. exf5 Bxf5 32. Nxf5 Rxf5 33. Bxh5 Qxh5 34. Qxf5 Qxf5 35. Rxf5 e4 36. Re1 Re8 37. Re3 Kh7 38. Rf7 Kg6 39. Rxc7 Kf6 40. Rxa7 Ke5 41. c7 Kd4 42. Re1 Nd3 43. Re2 Nc1 44. Rd2+ Kc3 45. Rd1 Kc2 46. Re1 Nd3 47.
Rxe4 Rxe4 48. c8=Q Re2 49. Qg4 1-0

[Event "Late-Titled-Tuesday-Blitz-May-28-2024"]
[Site "Chess.com"]
[Date "2024.05.28"]
[Round "10"]
[White "RobertJFischer71"]
[Black "ImportedItalianMaple"]
[Result "0-1"]
[WhiteElo "2649"]
[BlackElo "2548"]
[TimeControl "180+1"]
[EndTime "15:54:46 PDT"]
[Termination "ImportedItalianMaple won by resignation"]

1. e4 c5 2. Nf3 a6 3. d4 cxd4 4. Nxd4 Nf6 5. Nc3 e5 6. Nf3 Bb4 7. Bd3 d5 8. Qe2 d4 9. a3 Ba5 10. b4 dxc3 11. bxa5 Nc6 12. O-O h6 13. h3 O-O 14.
Rd1 Qxa5 15. Bc4 Be6 16. Bxe6 fxe6 17. Qc4 Kf7 18. Be3 Rfd8 19. Rxd8 Rxd8 20. Rb1 Rd7 21.
Bc5 b5 22. Qe2 Qa4 23. Re1 Ke8 24. g3 Kd8 25. Qe3 Qxc2 26. Bb6+ Kc8 27. Nxe5 Nxe5 28. Qc5+ Kb7 29. Ba5 Nc4 30. Bb4 Nxe4 31. Rxe4 Qxe4 32. Bxc3 Rd1+ 0-1

[Event "Late-Titled-Tuesday-Blitz-May-28-2024"]
[Site "Chess.com"]
[Date "2024.05.28"]
[Round "10"]
[White "Byniolus"]
[Black "vi_pranav"]
[Result "0-1"]
[WhiteElo "2743"]
[BlackElo "3033"]
[TimeControl "180+1"]
[EndTime "15:54:47 PDT"]
[Termination "vi_pranav won on time"]

1. d4 f5 2. Nf3 Nf6 3. c4 e6 4. g3 Be7 5. Bg2 Ne4 6. O-O d5 7. Nbd2 c6 8. Ne5 O-O 9. Qc2 Nd7 10. Ndf3 Bf6 11. Rd1 Qe8 12. b4 Nd6 13. c5 Bxe5 14.
dxe5 Nc4 15. Bf4 a5 16. a3 b6 17. cxb6 Ndxb6 18. h4 Bd7 19. e3 c5 20. Rdb1 axb4 21. axb4 Na3 22. Rxa3 Rxa3 23. Qxc5 Na4 24. Qa7 Ra2 25. Qc7 h6 26. Nd4 Qc8 27. Qxc8 Rxc8 28.
Bf1 Nc3 29. Rc1 Rb2 30. b5 Kf7 31. h5 Ne4 32. Ra1 Rc7 33. f3 Nd2 34. g4 fxg4 35.
fxg4 Nb3 36. g5 Nxa1 0-1

[Event "Late-Titled-Tuesday-Blitz-May-28-2024"]
[Site "Chess.com"]
[Date "2024.05.28"]
[Round "10"]
[White "Hirna2005"]
[Black "crazycheesecake"]
[Result "1-0"]
[WhiteElo "2331"]
[BlackElo "2130"]
[TimeControl "180+1"]
[EndTime "15:54:47 PDT"]
[Termination "Hirna2005 won by checkmate"]

1. e4 e5 2. Nf3 Nc6 3. Bc4 Nf6 4. d4 exd4 5. e5 Ne4 6. O-O d5 7. Bb5 Bd7 8. Bxc6 bxc6 9. Nxd4 Bc5 10. Be3 O-O 11. Nd2 Nxd2 12. Qxd2 Re8 13. Bg5 Qb8 14.
Nb3 Bf8 15. Rae1 Qb7 16. Re3 h6 17. Bf4 c5 18. Rg3 Kh8 19. Re1 Bf5 20. c3 Rab8 21.
Be3 c4 22. Nd4 Bh7 23. b4 cxb3 24. axb3 c5 25. Nf3 Qxb3 26. h3 a5 27. Nh4 a4 28.
Bf4 Ra8 29. e6 Rxe6 30. Rxe6 fxe6 31. Be5 a3 32. Qxh6 Qb7 33. Ng6+ Kg8 34. Nxf8 Qb1+ 35. Kh2 Kxf8 36. Rxg7 a2 37. Qf6+ Ke8 38. Qe7# 1-0

[Event "Late-Titled-Tuesday-Blitz-May-28-2024"]
[Site "Chess.com"]
[Date "2024.05.28"]
[Round "10"]
[White "janhelmer03"]
[Black "th3d4rkness"]
[Result "0-1"]
[WhiteElo "2377"]
[BlackElo "2193"]
[TimeControl "180+1"]
[EndTime "15:54:51 PDT"]
[Termination "th3d4rkness won by checkmate"]

1. Nf3 Nf6 2. c4 g6 3. Nc3 Bg7 4. e4 d6 5. d4 O-O 6. Be2 Nc6 7. d5 Nb8 8. O-O e5 9. b4 a5 10.
bxa5 Rxa5 11. Nd2 Ra8 12. a4 Na6 13. Nb3 Nd7 14. Be3 f5 15. f3 b6 16. a5 Nac5 17. Nxc5 bxc5 18. Nb5 Ba6 19. Qc2 Rf7 20. Bd3 f4 21.
Bf2 g5 22. Rfb1 Bf8 23. Qd1 Rg7 24. h3 h5 25. g4 hxg4 26. hxg4 Rh7 27. Bf1 Nf6 28.
Bg2 Qe8 29. Kf1 Qg6 30. Bg1 Bc8 31. a6 Rxa6 32. Rxa6 Bxa6 33. Qa4 Bc8 34. Qa8 Bxg4 35. fxg4 Nxe4 36. Re1 Ng3+ 37. Kf2 Qc2+ 38. Kf3 e4+ 39. Rxe4 Qxe4+ 40. Kf2 Qe2# 0-1

[Event "Late-Titled-Tuesday-Blitz-May-28-2024"]
[Site "Chess.com"]
[Date "2024.05.28"]
[Round "10"]
[White "MaxLeto"]
[Black "marik_spb"]
[Result "0-1"]
[WhiteElo "2389"]
[BlackElo "2517"]
[TimeControl "180+1"]
[EndTime "15:54:53 PDT"]
[Termination "marik_spb won on time"]

1. g4 d5 2. Bg2 c6 3. g5 e5 4. d4 e4 5. c4 Ne7 6. Nc3 Nd7 7. cxd5 cxd5 8. Qb3 Nb6 9. Bf4 Nc6 10.
e3 Be7 11. h4 O-O 12. Nge2 Kh8 13. a4 f6 14. a5 Nc4 15. a6 bxa6 16. gxf6 Bxf6 17.
h5 Qb6 18. Qxb6 Nxb6 19. h6 Nb4 20. hxg7+ Bxg7 21. Kd2 Nc4+ 22. Kc1 Nd3+ 23. Kb1 Nxf2 24. Rf1 Nd3 25. Rh1 Nxf4 26. Nxf4 Nxe3 27. Ncxd5 Bb7 28. Ng6+ Kg8 29. Nxf8 Bxd5 0-1

[Event "Late-Titled-Tuesday-Blitz-May-28-2024"]
[Site "Chess.com"]
[Date "2024.05.28"]
[Round "10"]
[White "Romkachess"]
[Black "JanMur7"]
[Result "1-0"]
[WhiteElo "2549"]
[BlackElo "2297"]
[TimeControl "180+1"]
[EndTime "15:54:54 PDT"]
[Termination "Romkachess won by checkmate"]

1. e4 g6 2. d4 Bg7 3. Nc3 c5 4. Be3 cxd4 5. Bxd4 Nf6 6. Be2 d6 7.
h4 Nc6 8. Be3 h5 9. Nh3 Ng4 10.
Bf4 O-O 11. Qd2 Nd4 12. Bd3 Be6 13. f3 Ne5 14. Ng5 Qd7 15. O-O-O b5 16. Nxe6 Nxe6 17.
Bh6 Nxd3+ 18. cxd3 b4 19. Nd5 b3 20. axb3 Nd4 21.
Kb1 Nxb3 22. Qg5 Bxh6 23. Qxh6 Nd4 24. g4 Rab8 25. gxh5 Rfc8 26. Rh2 Qa4 27. Rg1 Nf5 28. exf5 Rxb2+ 29. Rxb2 Qd7 30. f6 exf6 31. Nxf6# 1-0

[Event "Late-Titled-Tuesday-Blitz-May-28-2024"]
[Site "Chess.com"]
[Date "2024.05.28"]
[Round "10"]
[White "FairChess_on_YouTube"]
[Black "AlexeiShirov"]
[Result "0-1"]
[WhiteElo "3073"]
[BlackElo "2931"]
[TimeControl "180+1"]
[EndTime "15:54:56 PDT"]
[Termination "AlexeiShirov won by resignation"]

1. c4 c6 2. Nf3 d5 3. g3 g6 4. Qa4 Nf6 5. cxd5 Nxd5 6. Qd4 f6 7. Bg2 Bg7 8. e4 e5 9. Qa4 Nb6 10. Qc2 Na6 11. a3 Be6 12. O-O Bc4 13. Nc3 Bd3 14. Qd1 Nc5 15. b4 Bxf1 16. Bxf1 Nd3 17. Qb3 Qd7 18.
a4 Nxc1 19. Rxc1 Qf7 20. Qb1 O-O 21. a5 Nd7 22. b5 Kh8 23. a6 Rab8 24. Qa1 cxb5 25.
Bxb5 bxa6 26. Qxa6 Nc5 27. Qa5 Nb3 28. Qa3 Nxc1 29.
Qxc1 Qb3 30. Ba4 Qb2 31. Qf1 Rfd8 32. Kg2 Rxd2 33. Nxd2 Qxc3 34. Nf3 Qb4 35. Bc6 Bf8 36. Bd5 Bc5 37. Qa6 Qb6 38. Qa2 Qb2 39. Qc4 Qxf2+ 40.
Kh3 Qxf3 41. Qxc5 Qh5+ 42. Kg2 Rb2+ 0-1

[Event "Late-Titled-Tuesday-Blitz-May-28-2024"]
[Site "Chess.com"]
[Date "2024.05.28"]
[Round "10"]
[White "bubeliang"]
[Black "HowTo2Draw"]
[Result "1-0"]
[WhiteElo "2788"]
[BlackElo "2598"]
[TimeControl "180+1"]
[EndTime "15:54:56 PDT"]
[Termination "bubeliang won by resignation"]

1. e4 e5 2. Nf3 Nc6 3. Bc4 Nf6 4. d3 Bc5 5. c3 d6 6. O-O O-O 7. Re1 Bb6 8. Nbd2 Ne7 9. Nf1 Ng6 10. Ng3 c6 11. a4 d5 12. Bb3 h6 13. exd5 cxd5 14. Be3 Bc7 15. Qd2 Bg4 16. Bd1 e4 17. dxe4 dxe4 18.
Qxd8 Raxd8 19. Nd4 Bxd1 20. Rexd1 Nd5 21. Ndf5 Nxe3 22.
Nxe3 Bxg3 23. hxg3 Ne5 24. b4 Nd3 25. Rd2 Rc8 26. Nd5 Kh8 27. f3 f5 28. Ne7 Rxc3 29.
Ng6+ Kg8 30. Nxf8 Kxf8 31. fxe4 fxe4 32. Re2 Rc4 33. b5 Kf7 34. Rf1+ Ke6 35. Rf8 Rxa4 36. Kh2 Kd5 37. Rf7 b6 38. Rxg7 Rb4 39. Rxa7 Rxb5 40. Rd7+ Ke6 41. Rxd3 Rh5+ 42. Kg1 Kf5 43. Rd5+ Kg6 44.
Rxh5 Kxh5 45. Rxe4 b5 46. Rb4 1-0

[Event "Late-Titled-Tuesday-Blitz-May-28-2024"]
[Site "Chess.com"]
[Date "2024.05.28"]
[Round "10"]
[White "MrEscacs"]
[Black "PNEPaul"]
[Result "1-0"]
[WhiteElo "2189"]
[BlackElo "1926"]
[TimeControl "180+1"]
[EndTime "15:54:58 PDT"]
[Termination "MrEscacs won by resignation"]

1. e4 e5 2. Nf3 Nc6 3. d4 exd4 4. Nxd4 Be7 5. Nc3 d6 6. Be3 Nf6 7. f3 O-O 8. Qd2 a6 9. O-O-O Nxd4 10. Bxd4 c5 11. Be3 b5 12. g4 b4 13. Nd5 Nxd5 14. exd5 a5 15. Kb1 Ba6 16. g5 c4 17. h4 Rc8 18. c3 Rb8 19. Bd4 Qd7 20. h5 Qf5+ 21.
Qc2 Qxc2+ 22. Kxc2 Bxg5 23. Rg1 Bh6 24. Bxg7 Bxg7 25. h6 Rfe8 26. Rxg7+ Kh8 27. Rd4 b3+ 28. axb3 cxb3+ 29. Kd1 Bxf1 30. Rf4 Bd3 31. Rfxf7 Bg6 32. Rd7 Red8 33. Ra7 Ra8 34. Rxa8 Rxa8 35. Rd7 a4 36.
Kc1 a3 37. bxa3 Rxa3 38. Kb2 Ra8 39. Kxb3 Rb8+ 40. Kc4 Rc8+ 41. Kd4 Bf5 42. Rxd6 Kg8 43. Ke5 Bd3 44. Kd4 Be2 45. Rc6 Rd8 46. c4 Bxf3 47.
Ke5 Re8+ 48. Kd6 Rf8 49. Rc7 Kh8 50. c5 Rd8+ 51. Ke7 Rg8 52. d6 Bg4 53. c6 1-0

[Event "Late-Titled-Tuesday-Blitz-May-28-2024"]
[Site "Chess.com"]
[Date "2024.05.28"]
[Round "10"]
[White "Shankland"]
[Black "attack2mateU"]
[Result "1-0"]
[WhiteElo "3008"]
[BlackElo "2719"]
[TimeControl "180+1"]
[EndTime "15:55:06 PDT"]
[Termination "Shankland won by checkmate"]

1. c4 c5 2. g3 Nc6 3. Bg2 g6 4. Nc3 Bg7 5. Nf3 e5 6. d3 d6 7.
a3 Nge7 8. Rb1 a5 9. Nd2 Be6 10. Nd5 Rb8 11. O-O O-O 12. b3 b5 13. Nxe7+ Nxe7 14. Ne4 bxc4 15. dxc4 Bxc4 16. Bg5 Ba6 17. Nxd6 Bxe2 18. Qxe2 Qxd6 19. Qc4 Nf5 20. Rfc1 h6 21. Be3 Nxe3 22. fxe3 Qf6 23. h4 Rfc8 24. Rf1 Qb6 25. Rxf7 Kh8 26. Be4 Rf8 27. Rbf1 Rxf7 28. Qxf7 c4 29.
Qxc4 Qxe3+ 30. Kg2 Qxb3 31. Qc7 Qb2+ 32. Rf2 Qb6 33. Qe7 Qd4 34. Bxg6 Qd5+ 35. Kh2 Qb7 36. Qe6 Qb6 37. Qf5 Rf8 38. Bf7 Qd6 39. Kh3 Qe7 40. g4 e4 41. g5 e3 42. gxh6 exf2 43.
hxg7+ Kxg7 44. Qg6+ Kh8 45. Qh6# 1-0

[Event "Late-Titled-Tuesday-Blitz-May-28-2024"]
[Site "Chess.com"]
[Date "2024.05.28"]
[Round "10"]
[White "Grischuk"]
[Black "Lennis93"]
[Result "1-0"]
[WhiteElo "3122"]
[BlackElo "2770"]
[TimeControl "180+1"]
[EndTime "15:55:06 PDT"]
[Termination "Grischuk won on time"]

1. d4 Nf6 2. c4 e6 3. Bg5 d5 4. e3 h6 5. Bh4 Bb4+ 6. Nc3 c5 7.
cxd5 g5 8. Bg3 Nxd5 9. Bb5+ Bd7 10. Bxd7+ Nxd7 11. Ne2 cxd4 12. exd4 h5 13. h3 h4 14. Bh2 g4 15. hxg4 h3 16. Bg3 Qa5 17. Rxh3 Rxh3 18. gxh3 Nxc3 19. bxc3 Bxc3+ 20. Nxc3 Qxc3+ 21. Kf1 Rc8 22. Kg1 Nf6 23. Rb1 Ne4 24. Rb3 Qc6 25. h4 b5 26. g5 Nc3 27. Qd3 a5 28. g6 f5 29.
h5 b4 30. h6 Ke7 31. h7 Ne4 32. g7 Qc1+ 33. Qf1 Qh6 34. g8=N+ 1-0

[Event "Late-Titled-Tuesday-Blitz-May-28-2024"]
[Site "Chess.com"]
[Date "2024.05.28"]
[Round "10"]
[White "glucolisis04"]
[Black "Bala-Afiada"]
[Result "1-0"]
[WhiteElo "2271"]
[BlackElo "2028"]
[TimeControl "180+1"]
[EndTime "15:55:06 PDT"]
[Termination "glucolisis04 won by checkmate"]

1. d4 Nf6 2. c4 e6 3. Nc3 d5 4.
cxd5 exd5 5. Bg5 Be7 6. e3 O-O 7. Bd3 Nbd7 8. Qc2 h6 9. Bf4 Nh5 10. Be5 Nxe5 11. dxe5 Be6 12. Nf3 c5 13. h3 g5 14. O-O c4 15. Bf5 Ng7 16. Nd4 Qd7 17. g4 a6 18. f4 b5 19. Bh7+ Kh8 20. f5 b4 21. Nce2 Qa7 22. fxe6 fxe6 23. Bg6 b3 24.
axb3 cxb3 25. Qd3 Bc5 26. Rxf8+ Rxf8 27. Rf1 Qc7 28. Qc3 Rxf1+ 29. Kxf1 Qe7 30. Qxb3 Qf8+ 31. Kg2 a5 32. Qb7 Bb4 33. Qf7 Qb8 34. Qf6 Bd2 35.
Bf7 Bxe3 36. Qxh6# 1-0

[Event "Late-Titled-Tuesday-Blitz-May-28-2024"]
[Site "Chess.com"]
[Date "2024.05.28"]
[Round "10"]
[White "IMRosen"]
[Black "Slovak_fighter2000"]
[Result "1-0"]
[WhiteElo "2733"]
[BlackElo "2563"]
[TimeControl "180+1"]
[EndTime "15:55:07 PDT"]
[Termination "IMRosen won on time"]

1. d4 d6 2. e4 Nf6 3. Nc3 g6 4. Bf4 Bg7 5. Qd2 Nc6 6. O-O-O a6 7. f3 e6 8. Bh6 Bxh6 9. Qxh6 Bd7 10. d5 Ne5 11. h3 Ng8 12. Qg7 Qf6 13. Qxf6 Nxf6 14.
f4 Neg4 15. hxg4 Nxg4 16. Nh3 Ke7 17. Be2 Ne3 18. Rd3 Nxg2 19. Rg3 Nh4 20. Ng5 h6 21. Nxf7 Kxf7 22. Rxh4 Rag8 23. Kd2 b5 24. a3 c6 25. Bf3 Re8 26. dxe6+ Bxe6 27. f5 Bd7 28. Rxg6 Ke7 29.
Rhxh6 Rxh6 30. Rxh6 Rg8 31. Rh7+ Kd8 32. Ne2 a5 33.
Ke3 Rf8 34. b4 axb4 35. axb4 c5 36. bxc5 dxc5 37. Nf4 Bxf5 38. exf5 Rxf5 39. Ke4 Rf6 40. Bg4 Rd6 41. Nd5 Ke8 42. Ke5 Ra6 43. Nc7+ Kf8 44.
Nxa6 Kg8 45. Rd7 1-0

[Event "Late-Titled-Tuesday-Blitz-May-28-2024"]
[Site "Chess.com"]
[Date "2024.05.28"]
[Round "10"]
[White "KatakuriDono"]
[Black "Kombinator01"]
[Result "1-0"]
[WhiteElo "2320"]
[BlackElo "2462"]
[TimeControl "180+1"]
[EndTime "15:55:07 PDT"]
[Termination "KatakuriDono won by checkmate"]

1. d4 Nf6 2. Nf3 d5 3. g3 e6 4.
Bg2 c5 5. O-O Nc6 6. c4 cxd4 7.
Nxd4 Bc5 8. Nb3 Bb6 9. cxd5 exd5 10. Bg5 Be6 11. Nc3 d4 12. Ne4 h6 13. Nxf6+ gxf6 14.
Bf4 Qd7 15. Rc1 Rd8 16. Nc5 Qe7 17. Nxb7 Rd5 18. Nd6+ Rxd6 19. Rxc6 Rxc6 20. Bxc6+ Kf8 21. a3 h5 22. h4 Qc5 23. Qc1 Kg7 24. Qxc5 Bxc5 25. Rc1 Bb6 26. Bf3 Rd8 27. Bxh5 d3 28.
exd3 Rxd3 29. Re1 Rb3 30. Re2 Bd4 31. Be3 Bxb2 32. a4 a5 33. Bf3 Ra3 34. Rxb2 Rxa4 35. Bd2 Ra1+ 36. Kg2 a4 37. Rb4 a3 38. Bc3 Rc1 39.
Bd4 a2 40. Ra4 Bb3 41. Ra3 Bc4 42. Ra5 Bf1+ 43. Kh2 Bc4 44. g4 Rc2 45. g5 Kg6 46.
gxf6 Rd2 47. Rg5+ Kh6 48. Be3 Rxf2+ 49. Kg3 Rxf3+ 50. Kxf3 Be2+ 51. Kxe2 a1=Q 52. Rg1+ Kh5 53. Rxa1 Kg4 54. Ra4+ Kh5 55. Kf3 Kg6 56. Kg4 Kh7 57. Kg5 Kh8 58. Kh6 Kg8 59. Ra8# 1-0

[Event "Late-Titled-Tuesday-Blitz-May-28-2024"]
[Site "Chess.com"]
[Date "2024.05.28"]
[Round "10"]
[White "lluiss"]
[Black "NMChessToImpress"]
[Result "0-1"]
[WhiteElo "2158"]
[BlackElo "2305"]
[TimeControl "180+1"]
[EndTime "15:55:07 PDT"]
[Termination "NMChessToImpress won on time"]

1. Nf3 Nf6 2. d4 e6 3. c4 d5 4. cxd5 exd5 5. Nc3 c6 6. Qc2 Be7 7. Bg5 O-O 8. e3 Re8 9. Bd3 Nbd7 10. O-O-O Nf8 11. h3 Be6 12. Kb1 Rc8 13. Rc1 c5 14.
Bxf6 Bxf6 15. dxc5 Rxc5 16. Nd4 a6 17. Qb3 b5 18.
Nce2 Qb6 19. Rxc5 Qxc5 20. Rc1 Qb6 21. Qc2 Rc8 22. Qb3 Rc5 23. Rxc5 Qxc5 24. Qc2 Qb6 25. a3 g6 26. b4 Kg7 27. Kb2 Nd7 28. f4 Qd6 29. Kb3 Nb6 30. Qc6 Qxc6 31. Nxc6 d4+ 32.
Kc2 dxe3 0-1

[Event "Late-Titled-Tuesday-Blitz-May-28-2024"]
[Site "Chess.com"]
[Date "2024.05.28"]
[Round "10"]
[White "ansko1999"]
[Black "GMBenjaminFinegold"]
[Result "0-1"]
[WhiteElo "2618"]
[BlackElo "2752"]
[TimeControl "180+1"]
[EndTime "15:55:10 PDT"]
[Termination "GMBenjaminFinegold won by resignation"]

1. Nf3 Nf6 2. b3 g6 3. g3 Bg7 4. Bb2 O-O 5. Bg2 d5 6. O-O c6 7. c4 Bg4 8. d3 Bxf3 9. Bxf3 e6 10. Nd2 Nbd7 11. Bg2 Ne8 12. d4 Nd6 13. e4 Nxe4 14.
Nxe4 dxe4 15. Bxe4 Qb6 16. Qe2 Rad8 17. Rad1 Rfe8 18.
h4 h5 19. Kg2 Nf6 20. Bf3 Rd7 21. Rd3 Red8 22. Rfd1 Qa6 23. Qc2 b5 24. a4 bxc4 25. bxc4 Rb8 26. Bc1 Rb4 27. Rb3 Qxa4 28. Rdd3 Rxc4 29.
Rb8+ Kh7 30. Qxa4 Rxa4 31. Bxc6 Raxd4 32. Rxd4 Rxd4 33. Be3 Rc4 34. Bb5 Rc7 35. Ra8 Nd5 36.
Bxa7 Rc2 37. Rd8 Ra2 38. Bc5 Ra5 39. Rb8 Nc7 40. Rb7 Nxb5 41. Bb4 Ra2 42. Rxb5 Rb2 43. Rb7 Rb3 44. Rb6 Bd4 45. Rd6 Rxb4 46. Rd7 Kg7 47. Rxd4 Rxd4 0-1

[Event "Late-Titled-Tuesday-Blitz-May-28-2024"]
[Site "Chess.com"]
[Date "2024.05.28"]
[Round "10"]
[White "FredddieCroderg"]
[Black "Supelyel"]
[Result "1-0"]
[WhiteElo "2325"]
[BlackElo "2453"]
[TimeControl "180+1"]
[EndTime "15:55:14 PDT"]
[Termination "FredddieCroderg won by resignation"]

1. d4 d6 2. Nf3 Nf6 3. c4 Nbd7 4.
Nc3 e5 5. e4 Be7 6. Be2 O-O 7.
O-O c6 8. Re1 a6 9. Bf1 b5 10. d5 cxd5 11. cxd5 Nb6 12. a4 b4 13.
Nb1 Bg4 14. Nbd2 Qb8 15. a5 Nbd7 16. Nc4 Rc8 17. b3 Nc5 18. Nb6 Nfxe4 19. Nxc8 Qxc8 20. Bb2 Qb7 21. Rc1 Bg5 22. Rc4 Nf6 23. Rxg4 Nxg4 24. Nxg5 Nf6 25. Bc4 Qc7 26. f3 Qxa5 27. Ne4 Qb6 28. Nxf6+ gxf6 29. Kh1 a5 30. Bc1 Kf8 31.
Bh6+ Ke7 32. f4 a4 33. fxe5 dxe5 34. bxa4 Rxa4 35. Be3 b3 36. Bxc5+ Qxc5 37. Bxb3 Rb4 38. d6+ Qxd6 39. Qxd6+ Kxd6 40. Bxf7 e4 41. Bg8 h6 42.
Bh7 Ke5 43. Kg1 f5 44. Bg6 f4 45. Bh5 Kf5 46. Bd1 Ke5 47. Bc2 Rc4 48. Bb1 Rb4 49. h4 e3 50. Bd3 Kd4 51. Be2 Rb2 52. Bf3 Kd3 53. Rd1+ Kc3 54. Kh2 e2 55. Re1 Kd3 56. Kh3 Ke3 57. Kg4 Kf2 58. Rxe2+ Rxe2 59. Bxe2 Kxe2 60.
Kxf4 Kf2 61. g4 1-0

[Event "Late-Titled-Tuesday-Blitz-May-28-2024"]
[Site "Chess.com"]
[Date "2024.05.28"]
[Round "10"]
[White "rasmussvane"]
[Black "Goryachkina"]
[Result "1/2-1/2"]
[WhiteElo "2917"]
[BlackElo "2723"]
[TimeControl "180+1"]
[EndTime "15:55:15 PDT"]
[Termination "Game drawn by repetition"]

1. Nf3 d5 2. g3 g6 3. Bg2 Bg7 4.
d4 Nf6 5. O-O O-O 6. c4 c6 7.
Qb3 a5 8. Bd2 a4 9. Qb4 dxc4 10.
Qxc4 Be6 11. Qc1 Nbd7 12. Rd1 Ne4 13. Bh6 Qa5 14. Bxg7 Kxg7 15. Ne1 Ndf6 16. Nc3 Nxc3 17. bxc3 Bd5 18. f3 a3 19. Nd3 Bc4 20. e4 Bxd3 21.
Rxd3 Rfd8 22. Rb1 b5 23. f4 Ra6 24. c4 bxc4 25. Qxc4 Rb6 26. Rxb6 Qxb6 27. e5 Nd5 28. Rb3 Qa5 29. Qc1 e6 30. h4 Qa4 31. Qc5 Qa6 32. Bf1 Qa4 33. Be2 Ra8 34. Rb7 Ra5 35. Qd6 Qxd4+ 36. Kg2 Qe4+ 37. Kf1 Qh1+ 38. Kf2 Qh2+ 39. Kf3 Qh1+ 40. Kf2 Qh2+ 41. Kf3 Qh1+ 42. Kf2 1/2-1/2

[Event "Late-Titled-Tuesday-Blitz-May-28-2024"]
[Site "Chess.com"]
[Date "2024.05.28"]
[Round "10"]
[White "Viktor_Poddubnyi"]
[Black "Synctel"]
[Result "1-0"]
[WhiteElo "2324"]
[BlackElo "2089"]
[TimeControl "180+1"]
[EndTime "15:55:15 PDT"]
[Termination "Viktor_Poddubnyi won on time"]

1. e4 e6 2. d4 d5 3. Nd2 Nc6 4. Ngf3 Nf6 5. e5 Nd7 6. Nb3 a5 7. a4 f6 8. Bb5 Na7 9. Bxd7+ Bxd7 10. O-O Nc6 11. Bf4 f5 12. Ng5 g6 13. c3 Be7 14.
h4 h6 15. Nf3 g5 16. Bd2 g4 17. Ne1 Bxh4 18. Nd3 Bg5 19. Bf4 b6 20. Qd2 Qe7 21. g3 Nd8 22. Kg2 Nf7 23. Rh1 O-O-O 24. Rh5 Rdg8 25. Rah1 Bxa4 26. Nbc1 Be8 27. Ne2 Nxe5 28.
Nxe5 Bxh5 29. Rxh5 Qe8 30. Rh1 Bf6 31. Nc1 Bxe5 32. Bxe5 Rh7 33. Nd3 h5 34. Nf4 Qb5 35. Qe2 Qe8 36. Qa6+ Kb8 37. Qxb6+ Ka8 38. Bxc7 Rxc7 39.
Qxc7 1-0

[Event "Late-Titled-Tuesday-Blitz-May-28-2024"]
[Site "Chess.com"]
[Date "2024.05.28"]
[Round "10"]
[White "djjohnnywoo"]
[Black "rionelG"]
[Result "0-1"]
[WhiteElo "2123"]
[BlackElo "2286"]
[TimeControl "180+1"]
[EndTime "15:55:20 PDT"]
[Termination "rionelG won on time"]

1. a3 g6 2. d4 Bg7 3. Nf3 d6 4. e4 Nd7 5. h3 e5 6. c3 Ne7 7.
Bc4 O-O 8. Be3 c6 9. Ba2 d5 10. Nbd2 exd4 11. cxd4 dxe4 12. Nxe4 Nd5 13. O-O h6 14.
Qd2 Kh7 15. Rae1 N7f6 16. Ng3 Be6 17. Ne5 Nxe3 18. Rxe3 Bxa2 19. b3 Nd5 20. Rf3 Bxb3 21. Rxb3 Nb6 22. f4 Qd5 23. Rd3 Rad8 24. Nf3 c5 25. f5 cxd4 26. Nh4 Nc4 27. Qc2 Ne3 28. fxg6+ fxg6 29. Rxe3 dxe3 30. Qxg6+ Kh8 31. Re1 Qg5 32. Qxg5 hxg5 33. Ng6+ Kg8 34. Nxf8 Bxf8 35. Nf5 Bc5 36.
Nxe3 Rd3 37. Kf2 Rxa3 38. Kf3 Rxe3+ 39. Rxe3 Bxe3 40. Kxe3 Kg7 41. Kd4 Kg6 42. g4 Kf6 43.
Kc5 Ke5 0-1